 Dungeon Crawl Stone Soup version 0.20-a0-420-g83c570d (webtiles) character file.

39 Da5id the Chiller (level 3, -6/26 HPs)
             Began as a Draconian Ice Elementalist on Dec 31, 2016.
             Killed from afar by Natasha (7 damage)
             ... with a magic dart
             ... on level 2 of the Dungeon.
             The game lasted 00:03:02 (2385 turns).

Da5id the Chiller (Draconian Ice Elementalist)      Turns: 2385, Time: 00:03:02

Health: -6/26      AC:  5    Str: 10    XL:     3   Next: 28%
Magic:  6/6        EV:  7    Int: 16    God:
Gold:   67         SH:  9    Dex: 11    Spells: 5/6 levels left

rFire  . . .     SeeInvis .     o - +1 whip (elec)
rCold  . . .     Gourm    .     (armour unavailable)
rNeg   . . .     Faith    .     r - +0 large shield (curse)
rPois  .         Spirit   .     (helmet restricted)
rElec  .         Reflect  .     (no cloak)
rCorr  .         Harm     .     (no gloves)
MR     .....                    (no boots)
Stlth  ++........               (no amulet)
                                (no ring)
                                (no ring)

@: no status effects
A: unfitting armour, cold-blooded, AC +5
a: no special abilities


You were on level 2 of the Dungeon.
You were hungry.

You visited 1 branch of the dungeon, and saw 2 of its levels.

You collected 67 gold pieces.

Inventory:

Hand Weapons
 g - a +0 whip
 o - a +1 whip of electrocution (weapon)
Armour
 r - a cursed +0 large shield (worn)
Jewellery
 k - an uncursed ring of flight {unknown}
Scrolls
 c - a scroll of fog {unknown}
 h - a scroll of magic mapping {unknown}
 i - a scroll of teleportation {unknown}
 j - a scroll of identify {unknown}
 m - a scroll of remove curse {unknown}
 n - a scroll of blinking {unknown}
 p - a scroll of recharging {unknown}
Potions
 d - 3 potions of lignification {unknown}
 e - 3 potions of curing {unknown}
 l - a potion of degeneration {unknown}
Books
 a - a book of Frost

   Spells                             Type                      Level
   a - Freeze                         Ice                          1
   b - Throw Frost                    Conjuration/Ice              2
   c - Ozocubu's Armour               Charms/Ice                   3
   d - Throw Icicle                   Conjuration/Ice              4
   e - Summon Ice Beast               Ice/Summoning                4
Comestibles
 b - 2 bread rations
 f - a royal jelly


   Skills:
 - Level 1.7 Dodging
 - Level 1.7 Stealth
 - Level 2.0 Spellcasting
   Level 1.0 Conjurations
 + Level 4.4 Ice Magic


You had 5 spell levels left.
You knew the following spells:

 Your Spells              Type           Power        Failure   Level  Hunger
a - Freeze                Ice            ###.         89%         1    #......


Dungeon Overview and Level Annotations

Branches:
Dungeon (2/15)

Altars:
Qazlal

Annotations:
D:2 Natasha


Innate Abilities, Weirdness & Mutations

Your plain brown scales are hard. (AC +5)
You cannot fit into any form of body armour.
You are cold-blooded and may be slowed by cold attacks.


Message History

Natasha is nearby!
Natasha is nearby!
Natasha is nearby!
Natasha hisses angrily.
Natasha mumbles some strange words.
Natasha barely misses you.
You barely miss Natasha.
You tail-slap Natasha, but do no damage.
Natasha claws you but does no damage. The white imp hits you.
The white imp freezes you.
You feel yourself slow down.
You hit Natasha.
Natasha is moderately wounded.
You feel yourself speed up. Natasha casts a spell at you.
The magic dart hits you!
* * * LOW HITPOINT WARNING * * *
You block the white imp's attack. x2
Natasha stares at you and mumbles some strange words.
The magic dart hits you!
You die...

#####
....#######
#....
..............
#....
.............
#....
#............
#....
#............
#....
#............
#....
#.h5.........
#....
#.@..........
#....
#.#............
#....
#..............
#....
#######)#######
##'## #.# #.#
#.# #.# #.# #.#
#.###########.#
#.............#


You could see Natasha and a white imp.

Vanquished Creatures
  2 dart slugs
  3 leopard geckos
  2 giant cockroaches
  4 goblins (D:2)
  3 hobgoblins
  3 jackals (D:2)
  2 bats (D:2)
  4 frilled lizards
  5 kobolds
  3 rats
31 creatures vanquished.

Notes
Turn   | Place    | Note
-------+----------+-------------------------------------------
     0 | D:1      | Da5id the Draconian Ice Elementalist began the quest for the Orb.
     0 | D:1      | Reached XP level 1. HP: 14/14 MP: 3/3
   752 | D:1      | Reached XP level 2. HP: 14/20 MP: 3/5
  1259 | D:2      | Found a stormy altar of Qazlal.
  1449 | D:2      | Reached skill level 4 in Ice Magic
  1754 | D:2      | Reached XP level 3. HP: 26/26 MP: 6/6
  2379 | D:2      | Noticed Natasha
  2385 | D:2      | HP: 1/26 [Natasha/magic dart (7)]
  2385 | D:2      | Killed from afar by Natasha

Vault maps used:
D:1:      minmay_arrival_pointy
D:2:      first_bread, nicolae_qazlal_general_emergency, uniq_natasha

Skill      XL: |  1  2 |
---------------+-------+-----
Ice Magic      | 4 |  4.4
Dodging        | |  1.7
Stealth        | |  1.7
Spellcasting   | |  2.0
Conjurations   | |  1.0

Action                   || total
-------------------------++-------
Melee: Club              ||    18
       Whip              ||    85
       Tailslap          ||     7
 Cast: Freeze            ||    10
 Stab: Sleeping          ||     2
  Eat: Chunk             ||     4
Armor: Skin              ||    31
Dodge: Dodged            ||    69
Block: Large shield      ||     7
